 Dungeon Crawl Stone Soup version 0.27.1 (webtiles) character file.

Game seed: 3714237130431836257

49 ZARRMARR the Insei (level 3, -1/23 HPs)
             Began as an Octopode Transmuter on Aug 29, 2021.
             Slain by Ijyb (7 damage)
             ... while paralysed by Ijyb
             ... on level 3 of the Dungeon.
             The game lasted 00:09:01 (2441 turns).

ZARRMARR the Insei (Octopode Transmuter)            Turns: 2441, Time: 00:09:01

Health: -1/23      AC:  1    Str:  9    XL:     3   Next: 77%
Magic:  5/6        EV:  2    Int: 16    God:
Gold:   93         SH:  0    Dex: 12    Spells: 5/6 levels left

rFire    . . .     SeeInvis .     - Unarmed
rCold    . . .     Faith    .   (no shield)
rNeg     + . .     Spirit   .   (helmet currently unavailable)
rPois    .         Reflect  .   (no amulet)
rElec    .         Harm     .   i - ring of positive energy
rCorr    .         Rampage  .   (no ring)
Will     .....                  (no ring)
Stlth    ++........             (no ring)
HPRegen  0.07/turn              (no ring)
MPRegen  0.10/turn              (no ring)
                                (no ring)
                                (no ring)

@: paralysed, appendages
A: tentacle spike 3, almost no armour, amphibious, 8 rings, camouflage 1,
gelatinous body 1, (nimble swimmer 1), tentacles
a: End Transformation


You were on level 3 of the Dungeon.
One of your tentacles had grown a beastly spike.
You visited 1 branch of the dungeon, and saw 3 of its levels.

You collected 93 gold pieces.

Inventory:

Missiles
 c - 2 boomerangs (quivered)
 k - 13 poisoned darts
Jewellery
 i - a ring of positive energy (left tentacle)
Scrolls
 b - a scroll of teleportation {unknown}
 e - a scroll of enchant weapon
 f - a scroll of silence {unknown}
 g - a scroll of torment {unknown}
 j - a scroll of fog {unknown}
Potions
 a - 3 potions of curing {unknown}
 d - a potion of berserk rage {unknown}
 h - a potion of attraction {unknown}


   Skills:
 + Level 1.0 Fighting
 + Level 2.3 Dodging
 + Level 0.5 Stealth
 + Level 3.4 Unarmed Combat
 + Level 2.3 Spellcasting
 + Level 2.9 Transmutations


You had 5 spell levels left.
You knew the following spells:

 Your Spells              Type           Power      Damage    Failure   Level
a - Beastly Appendage     Tmut           22%        N/A       6%          1

Your spell library contained the following spells:

 Spells                   Type           Power      Damage    Failure   Level
 Wereblood                Tmut           11%        N/A       9%          2
 Spider Form              Tmut/Pois      3%         N/A       32%         3
 Ice Form                 Ice/Tmut       6%         N/A       73%         4


Dungeon Overview and Level Annotations

Branches:
Dungeon (3/15)

Altars:

Annotations:
D:3 Ijyb


Innate Abilities, Weirdness & Mutations

One of your tentacles has grown a beastly spike.
You cannot wear most types of armour.
You are amphibious.
You can wear up to eight rings at the same time.
Your skin changes colour to match your surroundings (Stealth+).
Your rubbery body absorbs attacks. (AC +1, EV +1)
((You are camouflaged near water. (Stealth+)))
You have tentacles for arms and can constrict up to eight enemies at once.


Message History

Done exploring.
You see here 13 poisoned darts.
k - 13 poisoned darts Unknown command.
Items here: ) ††††.
There is a stone staircase leading up here.
You climb upwards.
There is a stone staircase leading down here.
Unknown command.
You climb downwards.
There is a stone staircase leading up here.
There is a stone staircase leading down here.
You climb downwards.
There is a stone staircase leading up here.
Ijyb the Twisted Goblin comes into view.
She is wielding a +0 club and carrying a wand of paralysis (9).
Ijyb is nearby!
Throw: 2 boomerangs
Press: ? - help, Q - select action, (/) - cycle Shift-Dir - straight line, f - Ijyb
Aim: Ijyb, wielding a +0 club, wearing a +0 leather armour and carrying a wand of paralysis (9) (asleep, 98% to hit)
You throw a boomerang.
The boomerang hits Ijyb but does no damage.
Ijyb shouts!
Throw: 2 boomerangs
Press: ? - help, Q - select action, (/) - cycle Shift-Dir - straight line, f/p - Ijyb
Aim: Ijyb, wielding a +0 club, wearing a +0 leather armour and carrying a wand of paralysis (9) (47% to hit)
You throw a boomerang. The boomerang barely misses Ijyb.
Unknown command.
Casting: Beastly Appendage (safe; 6% risk of failure)
Confirm with . or Enter, or press ? or * to list all spells.
One of your tentacles grows a vicious spike.
Ijyb hits you with a +0 club.
You tentacle-slap Ijyb but do no damage.
You grab Ijyb. You constrict Ijyb, but do no damage.
Ijyb zaps a wand.
You suddenly lose the ability to move!
You lose your grip on Ijyb.
Ijyb hits you with a +0 club! Ijyb hits you with a +0 club.
Ijyb hits you with a +0 club. x2
* * * LOW HITPOINT WARNING * * *
Ijyb hits you with a +0 club!
You die...

########...#
...........#
#+#######..#
#..# #..#
#..# #.##
#.# #@# +g#
#.# #.# #.#
#.. #.. #..


You could see Ijyb.

Vanquished Creatures
  A dart slug (D:2)
  3 ball pythons (D:2)
  3 endoplasms (D:1)
  3 giant cockroaches (D:2)
  3 hobgoblins
  3 jackals (D:1)
  10 kobolds
  4 quokkas
  4 bats
  2 frilled lizards
  2 goblins (D:2)
  5 rats
43 creatures vanquished.

Notes
Turn   | Place    | Note
-------+----------+-------------------------------------------
     0 | D:1      | ZARRMARR the Octopode Transmuter began the quest for the
                  | Orb.
     0 | D:1      | Reached XP level 1. HP: 13/13 MP: 3/3
   448 | D:1      | Reached XP level 2. HP: 15/18 MP: 3/5
  1185 | D:1      | Found a faded altar of an unknown god.
  1294 | D:1      | Reached XP level 3. HP: 23/23 MP: 4/6
  2430 | D:3      | Noticed Ijyb
  2436 | D:3      | Paralysed by Ijyb for 7 turns
  2441 | D:3      | Slain by Ijyb

Illustrated notes

Levels and vault maps discovered:
D:1:      wander_arrival_fairy_ring, layout_loops_ring,
          ebering_ecumenical_altar_webs, chequers_serial_rivers_room_b
D:2:      layout_rooms, minmay_quantized
D:3:      layout_loops_corners, serial_rivers, chequers_serial_rivers_micro_c,
          chequers_serial_rivers_small_3, chequers_serial_rivers_micro_c,
          chequers_serial_rivers_micro_a, chequers_serial_rivers_micro_b,
          minmay_door_square, hangedman_feature_mirror, uniq_crazy_yiuf_cottage,
          uniq_ijyb

Action                   || total
-------------------------++-------
Melee: Unarmed           ||    78
       Constrict         ||    23
       Kick              ||    20
       Tentacles         ||    13
       Punch             ||     1
Throw: Boomerang         ||    54
 Cast: Beastly Appendage ||    24
  Use: Scroll            ||     1
 Stab: Sleeping          ||     2
Armor: Skin              ||     7
Dodge: Dodged            ||    42
